 Dungeon Crawl Stone Soup version 0.20.1-1-g8b1a95d (webtiles) character file.

1611 Linguinho the Grappler (level 8, 0/78 HPs)
             Began as a Troll Monk on Nov 13, 2017.
             Slain by a hound (2 damage)
             ... on level 6 of the Dungeon.
             The game lasted 00:06:23 (5284 turns).

Linguinho the Grappler (Troll Monk)                 Turns: 5284, Time: 00:06:24

Health: 0/78       AC:  6    Str: 22    XL:     8   Next: 63%
Magic:  7/7        EV: 12    Int:  6    God:
Gold:   299        SH:  0    Dex: 12    Spells: 7/7 levels left

rFire    . . .     SeeInvis .     - Unarmed
rCold    . . .     Gourm    +   (no shield)
rNeg     . . .     Faith    .   a - +0 robe
rPois    .         Spirit   .   (helmet restricted)
rElec    .         Reflect  .   y - +0 cloak
rCorr    .         Harm     .   (gloves unavailable)
MR       .....                  (boots unavailable)
Stlth    ++........             (no amulet)
Regen    0.7/turn               (no ring)
MPRegen  0.1/turn               (no ring)

@: no status effects
A: unfitting armour, claws 3, fast metabolism 3, gourmand, regeneration 1,
shaggy fur 1, tough skin 2
a: no special abilities


You were on level 6 of the Dungeon.
You were not hungry.

You visited 2 branches of the dungeon, and saw 7 of its levels.

You collected 299 gold pieces.

Inventory:

Armour
 a - a +0 robe (worn)
 y - a +0 cloak (worn)
Wands
 t - a wand of confusion (24/48)
Scrolls
 d - a scroll of immolation {unknown}
 e - 2 scrolls of identify {unknown}
 h - a scroll of fog {unknown}
 i - a scroll of random uselessness {unknown}
 j - a scroll of teleportation {unknown}
 k - 3 scrolls of recharging {unknown}
 n - a scroll of amnesia {unknown}
 q - 2 scrolls of magic mapping {unknown}
 r - 3 scrolls of enchant weapon {unknown}
 s - a scroll of blinking {unknown}
 u - 3 scrolls of remove curse {unknown}
 v - a scroll of enchant armour {unknown}
Potions
 c - a potion of agility {unknown}
 f - a potion of curing {unknown}
 g - 3 potions of cancellation {unknown}
 l - a potion of haste {unknown}
 w - 2 potions of flight {unknown}
 z - a potion of might {unknown}
 A - 2 potions of heal wounds
 B - a potion of brilliance {unknown}
 C - a potion of magic {unknown}
Books
 x - a Young Poisoner's Handbook

   Spells                             Type                      Level
   a - Sting                          Conjuration/Poison           1
   b - Poisonous Vapours              Poison/Air                   2
   c - Mephitic Cloud                 Conjuration/Poison/Air       3
   d - Olgreb's Toxic Radiance        Poison                       4
   e - Venom Bolt                     Conjuration/Poison           5
Comestibles
 b - 3 bread rations
 m - 4 fruits
 o - 2 royal jellies
 p - a meat ration


   Skills:
 + Level 4.0 Fighting
 + Level 5.4 Dodging
 - Level 1.1 Stealth
 + Level 8.9 Unarmed Combat


You had 7 spell levels left.
You didn't know any spells.

Dungeon Overview and Level Annotations

Branches:
Dungeon (6/15)             Temple (1/1) D:5

Altars:
Ashenzari
Gozag
Hepliaklqana
Makhleb
Nemelex Xobeh
Okawaru
Qazlal
Trog
Vehumet
Xom
Yredelemnul
Zin


Innate Abilities, Weirdness & Mutations

You are too large for most types of armour.
You have claws for hands.
Your metabolism is lightning-fast.
You like to eat raw meat.
Your natural rate of healing is unusually fast.
You are covered in fur. (AC +1)
You have very tough skin. (AC +2)


Message History

The hound bites you.
* * * LOW HITPOINT WARNING * * *
You scratch the hound.
The hound is heavily wounded.
The hound closely misses you. The hound bites you but does no damage.
You scratch the hound.
The hound is heavily wounded.
The hound bites you but does no damage.
You closely miss the hound.
The hound is heavily wounded.
The hound bites you.
* * * LOW HITPOINT WARNING * * *
You closely miss the hound.
The hound is heavily wounded.
The hound bites you.
* * * LOW HITPOINT WARNING * * *
You closely miss the hound.
The hound is heavily wounded.
The hound closely misses you. The hound bites you.
You die...

... #.## .....# .. #.
. ..... ..?. ....#
#.... ....# #....#
....# ###....###....#
#%......##)....# ..
#..[.....h@)../#..
...##..........)......
..................#>.%
........###.......# .
....................
..........$...##.....
. ##...........#.[...
.. +....##.....#.....
... #...###.....# ....


You could see a hound.

Vanquished Creatures
  Sigmund (D:5)
  A wyvern (D:5)
  Menkaure (D:5)
  An orc warrior (D:6)
  A sky beast (D:5)
  An ogre (D:4)
  A phantom (D:4)
  2 scorpions (D:5)
  A water moccasin skeleton (D:5)
  A howler monkey (D:5)
  A crimson imp (D:5)
  6 orc priests
  Crazy Yiuf (D:5)
  3 orc wizards
  2 hounds
  Ijyb (D:4)
  3 worker ants
  A hound skeleton (D:4)
  3 adders
  2 shadow imps (D:5)
  3 oozes
  An adder zombie (D:5)
  A worm (D:2)
  4 dart slugs
  3 leopard geckos
  15 orcs
  6 bats
  6 giant cockroaches
  7 goblins
  7 hobgoblins
  8 jackals
  8 kobolds
  A quokka (D:4)
  3 frilled lizards
  A quokka zombie (D:5)
  7 rats
115 creatures vanquished.

Notes
Turn   | Place    | Note
-------+----------+-------------------------------------------
     0 | D:1      | Linguinho the Troll Monk began the quest for the Orb.
     0 | D:1      | Reached XP level 1. HP: 22/22 MP: 0/0
   101 | D:1      | Reached XP level 2. HP: 27/29 MP: 1/1
   831 | D:1      | Reached XP level 3. HP: 36/36 MP: 2/2
  1423 | D:2      | Reached XP level 4. HP: 44/44 MP: 3/3
  1628 | D:2      | Reached skill level 4 in Unarmed Combat
  2553 | D:3      | Reached XP level 5. HP: 27/52 MP: 4/4
  2994 | D:4      | Noticed a phantom
  3012 | D:4      | Killed a phantom
  3012 | D:4      | Reached skill level 5 in Unarmed Combat
  3023 | D:4      | Reached XP level 6. HP: 40/61 MP: 5/5
  3142 | D:4      | Reached skill level 6 in Unarmed Combat
  3448 | D:4      | Found a glowing silver altar of Zin.
  3459 | D:4      | Noticed Ijyb
  3492 | D:4      | Killed Ijyb
  3749 | D:5      | Entered Level 5 of the Dungeon
  3757 | D:5      | Reached XP level 7. HP: 64/67 MP: 6/6
  3775 | D:5      | Noticed Menkaure
  3781 | D:5      | Killed Menkaure
  3800 | D:5      | HP: 2/67 [sky beast (6)]
  3882 | D:5      | Reached skill level 7 in Unarmed Combat
  3928 | D:5      | Found a burning altar of Makhleb.
  4010 | D:5      | Found a staircase to the Ecumenical Temple.
  4365 | D:5      | Found a runed door.
  4430 | D:5      | Noticed a wyvern
  4435 | D:5      | Killed a wyvern
  4435 | D:5      | Reached skill level 5 in Dodging
  4435 | D:5      | Reached XP level 8. HP: 50/75 MP: 7/7
  4649 | D:5      | Noticed Sigmund
  4676 | D:5      | Killed Sigmund
  4676 | D:5      | Reached skill level 8 in Unarmed Combat
  4909 | D:5      | Noticed Crazy Yiuf
  4912 | D:5      | Killed Crazy Yiuf
  5018 | Temple   | Entered the Ecumenical Temple
  5283 | D:6      | HP: 1/78 [hound (5)]
  5284 | D:6      | Slain by a hound

Skill      XL: |  1  2  3  4  5  6  7  8 |
---------------+-------------------------+-----
Dodging        | 3 4 5 |  5.4
Unarmed Combat | 4 5 6 7 8 |  8.9
Fighting       | 3 4 |  4.0
Stealth        | |  1.1

Action                   |  1- 3 |  4- 6 |  7- 9 || total
-------------------------+-------+-------+-------++-------
Melee: Unarmed           |   101 |   117 |   129 ||   347
       Punch             |     1 |       |     2 ||     3
  Use: Potion            |       |       |     3 ||     3
 Stab: Sleeping          |     3 |     3 |       ||     6
  Eat: Chunk             |     9 |    17 |    12 ||    38
       Bread ration      |     1 |     1 |       ||     2
Armor: Robe              |    36 |    34 |    42 ||   112
Dodge: Dodged            |    40 |    64 |    83 ||   187
